 Dungeon Crawl Stone Soup version 0.26-a0-1191-ge2a0e31ab3 (webtiles) character file.

Game seed: 7318461003925591776

331 voltaire321 the Stinger (level 6, -6/42 HPs)
             Began as a Merfolk Venom Mage on Dec 29, 2020.
             Shot with an arrow by a centaur (8 damage)
             ... on level 4 of the Dungeon.
             The game lasted 00:14:12 (5658 turns).

voltaire321 the Stinger (Merfolk Venom Mage)        Turns: 5658, Time: 00:14:12

Health: -6/42      AC:  3    Str:  9    XL:     6   Next: 51%
Magic:  9/11       EV: 14    Int: 16    God:
Gold:   139        SH:  0    Dex: 14    Spells: 2/12 levels left

rFire    . . .     SeeInvis .   f - +1 dagger (venom)
rCold    . . .     Faith    .   (no shield)
rNeg     . . .     Spirit   .   a - +0 robe
rPois    .         Reflect  .   g - +0 hat
rElec    .         Harm     .   (no cloak)
rCorr    .         Rampage  .   (no gloves)
Will     .....                  A - +0 pair of boots (curse)
Stlth    ++........             (no amulet)
HPRegen  0.14/turn              (no ring)
MPRegen  0.12/turn              (no ring)

@: no status effects
A: change form in water, swift swim, stealthy swim
a: no special abilities


You were on level 4 of the Dungeon.
You visited 1 branch of the dungeon, and saw 4 of its levels.

You collected 139 gold pieces.

Inventory:

Hand Weapons
 f - a +1 dagger of venom (weapon)
 s - a +0 rapier
 t - a +0 trident
 v - a +1 short sword of speed
Armour
 a - a +0 robe (worn)
 g - a +0 hat (worn)
 y - a +0 buckler
 A - a cursed +0 pair of boots (worn)
Jewellery
 h - a cursed -4 ring of intelligence {unknown}
 u - a cursed -4 ring of protection {unknown}
Wands
 o - a wand of polymorph (12)
Scrolls
 b - a scroll of enchant weapon {unknown}
 c - a scroll of fog {unknown}
 e - 2 scrolls of identify
 i - a scroll of amnesia {unknown}
 k - a scroll of random uselessness {unknown}
 l - a scroll of teleportation {unknown}
 m - 2 scrolls of immolation {unknown}
 p - a scroll of remove curse {unknown}
 w - a scroll of noise {unknown}
 x - a scroll of enchant armour {unknown}
Potions
 d - a potion of ambrosia {unknown}
 j - 3 potions of curing
 n - 2 potions of heal wounds
 q - a potion of attraction {unknown}
 r - a potion of invisibility
 z - 2 potions of magic


   Skills:
 + Level 0.9 Fighting
 + Level 1.7 Short Blades
 + Level 3.6 Dodging
 - Level 2.1 Stealth
 + Level 3.8 Spellcasting
 + Level 3.8 Transmutations
 + Level 0.6 Air Magic
 + Level 4.8 Poison Magic


You had 2 spell levels left.
You knew the following spells:

 Your Spells              Type           Power        Failure   Level
a - Sting                 Tmut/Pois      64%          3%          1
b - Poisonous Vapours     Pois/Air       22%          9%          2
c - Ignite Poison         Fire/Tmut/Pois 12%          16%         3
d - Olgreb's Toxic Radia  Pois           18%          24%         4

Your spell library contained the following spells:

 Spells                   Type           Power        Failure   Level
 Corona                   Hex            3%           17%         1
 Ensorcelled Hibernation  Hex/Ice        6%           26%         2
 Mephitic Cloud           Conj/Pois/Air  8%           24%         3
 Confusing Touch          Hex            3%           45%         3
 Dazzling Flash           Conj/Hex       6%           45%         3
 Tukima's Dance           Hex            3%           45%         3


Dungeon Overview and Level Annotations

Branches:
Dungeon (4/15)
 Temple: D:4-7

Altars:
Fedhas
Gozag
Okawaru
Ru
Trog
Uskayaw
The Shining One


Message History

A worker ant and a centaur come into view.
Casting: Sting (safe; 3% risk of failure)
Confirm with . or Enter, or press ? or * to list all spells.
Aiming: Poisonous Vapours (safe; 9% risk of failure)
Press: ? - help, Dir - move target, f - centaur
Aim: a centaur, quivering 15 arrows (asleep) Poisonous vapours surround the centaur!
The centaur shouts!
The centaur is poisoned.
The centaur wields a +0 shortbow.
The centaur shoots an arrow.
The arrow hits you!
The centaur is engulfed in poison gas.
The centaur looks even sicker.
The centaur shoots an arrow.
The arrow hits you!
The centaur shoots an arrow.
The arrow hits you.
* * * LOW HITPOINT WARNING * * *
You see here an arrow.
The centaur shoots an arrow.
The arrow hits you!
* * * LOW HITPOINT WARNING * * *
You see here an arrow.
The centaur shoots an arrow.
The arrow hits you!
You die...

###.......# # # .#
#.#..c..<.# .##.##.
######.#.......##......
.......#...((.........#
.####..#.....(..####..#
.####..#...........#..#
.#.....########.#.....#
.........# #.#.†##.#
.#..#.##.# #.@.....#
......##.# ###..####
.......#.########..#######
###..#..)......(.........#
###....#.##.######.#####.#
.........##.## #.#
#.##.#####...# #.# #.##.#
#.).# #.# .....# #...# #.#


You could see a centaur (poisoned).

Vanquished Creatures
  3 hounds (D:4)
  An orc wizard (D:3)
  An iguana (D:4)
  2 worker ants (D:4)
  4 gnolls (D:4)
  4 adders
  2 worms (D:2)
  4 leopard geckos
  4 orcs (D:3)
  A ball python (D:1)
  2 giant cockroaches
  9 goblins
  4 hobgoblins
  4 kobolds
  8 bats
  4 frilled lizards
  6 rats
63 creatures vanquished.

Notes
Turn   | Place    | Note
-------+----------+-------------------------------------------
     0 | D:1      | voltaire321 the Merfolk Venom Mage began the quest for the
                  | Orb.
     0 | D:1      | Reached XP level 1. HP: 13/13 MP: 3/3
   231 | D:1      | Reached XP level 2. HP: 19/19 MP: 3/5
   462 | D:1      | Learned a level 2 spell: Poisonous Vapours
  1409 | D:2      | Reached XP level 3. HP: 12/24 MP: 1/6
  1729 | D:2      | Found a faded altar of an unknown god.
  1896 | D:2      | Learned a level 3 spell: Ignite Poison
  1937 | D:2      | Found a glowing golden altar of the Shining One.
  2218 | D:2      | You fall into a shaft and drop 1 floor!
  2224 | D:2      | Found an opulent altar of Gozag.
  2281 | D:2      | Found a sacrificial altar of Ru.
  2808 | D:3      | Reached XP level 4. HP: 30/30 MP: 5/8
  2882 | D:3      | Found an iron altar of Okawaru.
  3371 | D:3      | Reached skill level 4 in Poison Magic
  4615 | D:4      | Reached XP level 5. HP: 12/36 MP: 6/9
  4998 | D:4      | Reached skill level 1 in Short Blades
  4998 | D:4      | Reached XP level 6. HP: 31/42 MP: 3/11
  5084 | D:4      | Found a hide-covered altar of Uskayaw.
  5168 | D:4      | Learned a level 4 spell: Olgreb's Toxic Radiance
  5477 | D:4      | Found a bloodstained altar of Trog.
  5605 | D:4      | Found a blossoming altar of Fedhas.
  5654 | D:4      | HP: 1/42 [centaur/arrow (11)]
  5658 | D:4      | Shot with an arrow by a centaur

Illustrated notes

Levels and vault maps discovered:
D:1:      evilmike_arrival_plus, layout_basic
D:2:      layout_loops_cross, tso_altar, overflow_temple_1_default,
          overflow_temple_1_default, chequers_ecumenical_altar_simple_redux
D:3:      layout_basic, okawaru_gym_becter
D:4:      layout_loops_cross, grunt_temple_overflow_order_and_chaos_1,
          eat_drink_and_be_merry_uskayaw, lightli_temple_of_fire,
          fedhas_bush_and_centaur_altar

Skill      XL: |  1  2  3  4  5 |
---------------+----------------+-----
Dodging        | 3 |  3.6
Transmutations | 2 3 |  3.8
Poison Magic   | 4 |  4.8
Spellcasting   | 3 |  3.8
Short Blades   | 1 |  1.7
Fighting       | |  0.9
Stealth        | |  2.1
Air Magic      | |  0.6

Action                   |  1- 3 |  4- 6 || total
-------------------------+-------+-------++-------
Melee: Unarmed           |     4 |       ||     4
       Dagger            |    35 |    55 ||    90
 Cast: Sting             |    62 |    29 ||    91
       Poisonous Vapours |       |    22 ||    22
  Use: Potion            |       |     1 ||     1
       Scroll            |       |     4 ||     4
 Stab: Sleeping          |       |     3 ||     3
Armor: Robe              |     2 |     4 ||     6
Dodge: Dodged            |    36 |    47 ||    83

Table legend: (Time is in decaauts)
 A = Elapsed time spent in this place.
 B = Non-inter-level travel time spent in this place.
 C = Inter-level travel time spent in this place.
 D = Time resting spent in this place.
 E = Time spent auto-exploring this place.
 F = Levels seen in this place.
 G = Mean time per level.
                   A        B        C        D        E       F      G
               +--------+--------+--------+--------+--------+-----+--------+
         Total |   5656 |   5435 |    221 |   1984 |   2552 |   4 | 1414.0 |
       Dungeon |   5656 |   5435 |    221 |   1984 |   2552 |   4 | 1414.0 |
               +--------+--------+--------+--------+--------+-----+--------+

Top non-repeatable levels by time:
     D:2: 1799 daAuts
     D:3: 1470 daAuts
     D:1: 1334 daAuts
     D:4: 1051 daAuts
